 Dungeon Crawl Stone Soup version 0.21.1-1-g345015f (console) character file.

382 Homage the Conjurer (level 6, -2/32 HPs)
             Began as a Gargoyle Conjurer on May 18, 2018.
             Slain by an ogre
             ... wielding a +0 giant club
              (14 damage)
             ... on level 3 of the Dungeon.
             The game lasted 00:14:46 (3998 turns).

Homage the Conjurer (Gargoyle Conjurer)             Turns: 3998, Time: 00:14:47

Health: -2/32      AC:  9    Str: 11    XL:     6   Next: 76%
Magic:  2/12       EV: 12    Int: 18    God:
Gold:   233        SH:  0    Dex: 10    Spells: 2/13 levels left

rFire    + . .     SeeInvis .   a - +1 dagger (drain)
rCold    . . .     Gourm    .   (no shield)
rNeg     + . .     Faith    .   e - +0 robe
rPois    ∞         Spirit   .   d - +0 helmet
rElec    +         Reflect  .   s - +0 cloak
rCorr    .         Harm     .   j - +0 pair of gloves
MR       .....     Rnd*Tele +   (no boots)
Stlth    ++........             (no amulet)
HPRegen  0.10/turn              t - ring of teleportation (curse)
MPRegen  0.13/turn              r - ring of protection from fire

@: very slightly contaminated
A: negative energy resistance 1, electricity resistance, unbreathing,
petrification resistance, rot immunity, AC +4
a: no special abilities


You were on level 3 of the Dungeon.
You were very hungry.

You visited 1 branch of the dungeon, and saw 4 of its levels.

You collected 233 gold pieces.


Innate Abilities, Weirdness & Mutations

You are resistant to torment.
Your stone body is resilient. (AC +4)
You are immune to poison.
You resist negative energy. (rN+)
You are resistant to electric shocks. (rElec)
You can survive without breathing.
You are immune to petrification.
You are immune to rotting.


   Skills:
 - Level 3.0 Dodging
 - Level 2.1 Stealth
 - Level 4.0 Spellcasting
 - Level 5.1 Conjurations
 + Level 3.2 Hexes


You had 2 spell levels left.
You knew the following spells:

 Your Spells              Type           Power        Failure   Level  Hunger
a - Magic Dart            Conj           ###.         1%          1    None
b - Iskenderun's Mystic   Conj           ###.....     19%         4    ####...
d - Fulminant Prism       Conj/Hex       ###.......   26%         4    ####...
Z - Searing Ray           Conj           ###...       2%          2    ##.....

Inventory:

Hand Weapons
 a - a +1 dagger of draining (weapon)
Missiles
 o - 95 arrows
Armour
 d - a +0 helmet (worn)
 e - a +0 robe (worn)
 j - a +0 pair of gloves (worn)
 s - a +0 cloak (worn)
Jewellery
 h - a +4 ring of dexterity
 n - an uncursed ring of flight
 r - a ring of protection from fire (right hand)
 t - a cursed ring of teleportation (left hand)
Scrolls
 f - a scroll of fog
 g - a scroll of magic mapping
 l - 3 scrolls of teleportation
 m - a scroll of amnesia
Potions
 i - 2 potions of curing
 k - a potion of haste
 u - a potion of invisibility
Books
 b - a book of Conjurations

   Spells                             Type                      Level
   a - Magic Dart                     Conjuration                  1
   b - Searing Ray                    Conjuration                  2
   c - Dazzling Spray                 Conjuration/Hexes            3
   d - Fulminant Prism                Conjuration/Hexes            4
   e - Force Lance                    Conjuration/Translocation    4
   f - Iskenderun's Mystic Blast      Conjuration                  4
Comestibles
 c - 4 rations
 p - 3 chunks of flesh


Message History

Confirm with . or Enter, or press ? or * to list all spells.
Aiming: Iskenderun's Mystic Blast
Press: ? - help, Shift-Dir - straight line, f/p - ogre
Aim: an ogre, wielding a giant club The orb of energy hits the ogre.
The ogre is lightly wounded.
The ogre misses you.
You see here 25 stones.
Casting: Iskenderun's Mystic Blast
Confirm with . or Enter, or press ? or * to list all spells.
Aiming: Searing Ray
Press: ? - help, Shift-Dir - straight line, f/p - ogre
Aim: an ogre, wielding a giant club (lightly wounded)
The searing ray hits the ogre.
The ogre is moderately wounded. (Press . to maintain the ray.)
The searing ray hits the ogre.
The ogre is heavily wounded.
The ogre hits you with a giant club!
You die...

### ##### #.. #...######### #.#
###.#.........# #.# ########
#.._....#####.# #.#
.......#####.#.#....# #.# #..
.......(.......O@...# #.# ######
.....#.#######.##...# #.# #.#
.###.#.# #.##.#.####.###.##
.....#.#######.##..<..........###
.................................
####.#.........####...#.####..###
#...........# #.#.#.## #..###
####.#####.###.# ###....###.....
...........# #.# #.........###


You could see an ogre.

Vanquished Creatures
  An ogre (D:4)
  An orc priest (D:4)
  2 orc wizards (D:3)
  A hound (D:4)
  A worker ant (D:2)
  7 adders
  An ooze (D:1)
  3 worms
  5 leopard geckos
  4 orcs
  9 giant cockroaches
  5 goblins
  6 hobgoblins
  6 jackals (D:3)
  8 kobolds
  3 ball pythons
  5 bats
  13 frilled lizards
  A quokka skeleton (D:4)
  6 rats
88 creatures vanquished.

Vanquished Creatures (others)
  2 fulminant prisms (D:3)
2 creatures vanquished.

Grand Total: 90 creatures vanquished

Notes
Turn   | Place    | Note
-------+----------+-------------------------------------------
     0 | D:1      | Homage the Gargoyle Conjurer began the quest for the Orb.
     0 | D:1      | Reached XP level 1. HP: 10/10 MP: 3/3
    94 | D:1      | Reached XP level 2. HP: 15/15 MP: 3/5
   234 | D:1      | Reached skill level 3 in Spellcasting
   469 | D:1      | Learned a level 2 spell: Searing Ray
   843 | D:1      | Reached XP level 3. HP: 19/19 MP: 2/7
  1274 | D:2      | Reached XP level 4. HP: 24/24 MP: 2/10
  1700 | D:2      | Found a faded altar of an unknown god.
  1900 | D:3      | Reached skill level 5 in Conjurations
  2097 | D:3      | Learned a level 4 spell: Iskenderun's Mystic Blast
  2102 | D:3      | Learned a level 4 spell: Fulminant Prism
  2156 | D:3      | Reached XP level 5. HP: 28/28 MP: 4/11
  2260 | D:3      | Reached skill level 1 in Hexes
  2362 | D:3      | Noticed MemeProof's ghost (amateur MiFi)
  2636 | D:3      | Found a glowing silver altar of Zin.
  3086 | D:4      | Noticed an ogre
  3095 | D:4      | Killed an ogre
  3095 | D:4      | Reached XP level 6. HP: 27/32 MP: 3/12
  3182 | D:4      | Reached skill level 3 in Dodging
  3652 | D:4      | Found a hide-covered altar of Uskayaw.
  3654 | D:4      | Noticed a hand axe
  3654 | D:4      | Noticed a hand axe
  3718 | D:4      | Noticed petzl's ghost (amateur OpWn)
  3786 | D:4      | HP: 5/32 [something/magic dart (8)]
  3793 | D:3      | Reached skill level 3 in Hexes
  3925 | D:3      | HP: 5/32 [ogre/giant club (7)]
  3998 | D:3      | Slain by an ogre

Vault maps used:
D:1:      saegor_arrival_simple_c, corexii_item_surrounded_by_moat
D:2:      chequers_ecumenical_altar_island, minmay_misc_feat_five
D:3:      lemuel_crystal_altar, first_ration
D:4:      dancing_weapons_uskayaw

Action                   |  1- 3 |  4- 6 || total
-------------------------+-------+-------++-------
Melee: Unarmed           |    18 |       ||    18
       Dagger            |    51 |    22 ||    73
 Cast: Magic Dart        |    11 |    81 ||    92
       Searing Ray       |     4 |    23 ||    27
       Fulminant Prism   |       |     2 ||     2
       Iskenderun's Myst |       |     2 ||     2
  Use: Potion            |     6 |     3 ||     9
       Scroll            |     3 |     2 ||     5
 Stab: Sleeping          |     3 |       ||     3
  Eat: Chunk             |     1 |     9 ||    10
Armor: Robe              |    28 |    18 ||    46
Dodge: Dodged            |    41 |    47 ||    88
